3AAA
FLORIDA MEN @ SIOUX FALLS RED PANDAS
08/31/2029
 
TOP OF THE 1ST
Florida Men batting - Pitching for Sioux Falls Red Pandas : LHP Pedro Pacheco
Pitching: LHP Pedro Pacheco
Batting: SHB Tim Fowler 0-0: Ball
1-0: Swinging Strike
1-1: Ball
2-1: Called Strike
2-2: Ball
3-2: SINGLE (Line Drive, 34D)
Batting: RHB Manny Maltby 0-0: Ball
1-0: Called Strike
1-1: Ball
2-1: Ball
3-1: Grounds into double play, 5-4-3 (Groundball, 56)
Batting: RHB Pat Ings 0-0: Called Strike
0-1: Foul Ball, location: 2F
0-2: Ball
1-2: Ball
2-2: SINGLE (Groundball, 56D)
Batting: RHB Ron Coffman 0-0: Foul Ball, location: 2F
0-1: Ground out 1-3 (Groundball, 13S)
Top of the 1st over - 0 runs, 2 hits, 0 errors, 1 left on base; Florida 0 - Sioux Falls 0
BOTTOM OF THE 1ST
Sioux Falls Red Pandas batting - Pitching for Florida Men : RHP Henry Yates
Pitching: RHP Henry Yates
Batting: SHB Raúl Duarte 0-0: Foul Ball, location: 2F
0-1: Ball
1-1: Ball
2-1: Fly out, F8 (Flyball, 8RM)
Batting: RHB Hieu De 0-0: Swinging Strike
0-1: Swinging Strike
0-2: Ball
1-2: Ball
2-2: Strikes out swinging
Batting: LHB Fa-tang Wang 0-0: SINGLE (Flyball, 78S)
Batting: LHB Enrique Sánchez 0-0: Foul Ball, location: 2F
0-1: Ball
1-1: SINGLE (Line Drive, 8LS)
Fa-tang Wang to second
Batting: LHB John Brewer 0-0: Ball
1-0: DOUBLE (Flyball, 8RXD)
Fa-tang Wang scores
Enrique Sánchez to third
Runner from 3rd tries for Home, SAFE, no throw
Batting: RHB Matt Sheppard 0-0: Ball
1-0: Called Strike
1-1: Ball
2-1: Foul Ball, location: 2F
2-2: SINGLE (Line Drive, 56D)
John Brewer to third
Runner from 3rd tries for Home, SAFE, no throw
Batting: RHB Rudko Hrnjak 0-0: Ball
Matt Sheppard steals 2nd base
1-0: Foul Ball, location: 2F
1-1: Called Strike
1-2: Strikes out swinging
Bottom of the 1st over - 3 runs, 4 hits, 0 errors, 1 left on base; Florida 0 - Sioux Falls 3
TOP OF THE 2ND
Florida Men batting - Pitching for Sioux Falls Red Pandas : LHP Pedro Pacheco
Batting: LHB Bastyão Lizardo 0-0: Swinging Strike
0-1: Fly out, F2 (Popup, 2RF)
Batting: SHB Spencer Landes 0-0: Called Strike
0-1: Swinging Strike
0-2: Strikes out swinging
Batting: RHB Israel Sanders 0-0: Ball
1-0: Ball
2-0: Ball
3-0: Called Strike
3-1: Ground out 1-3 (Groundball, 15S)
Top of the 2nd over - 0 runs, 0 hits, 0 errors, 0 left on base; Florida 0 - Sioux Falls 3
BOTTOM OF THE 2ND
Sioux Falls Red Pandas batting - Pitching for Florida Men : RHP Henry Yates
Batting: RHB Steve Dunn 0-0: Ball
1-0: Fly out, F7 (Flyball, 78M)
Batting: RHB Willis Kirkendall 0-0: Foul Ball, location: 2F
0-1: Fly out, F8 (Line Drive, 8RM)
Batting: SHB Raúl Duarte 0-0: Ball
1-0: Ball
2-0: Ball
3-0: Base on Balls
Batting: RHB Hieu De 0-0: Foul Ball, location: 2F
0-1: Ball
1-1: Swinging Strike
1-2: Foul Ball, location: 2F
1-2: Ball
2-2: Ball
Raúl Duarte steals 2nd base
3-2: Strikes out swinging
Bottom of the 2nd over - 0 runs, 0 hits, 0 errors, 1 left on base; Florida 0 - Sioux Falls 3
TOP OF THE 3RD
Florida Men batting - Pitching for Sioux Falls Red Pandas : LHP Pedro Pacheco
Batting: RHB Warner Robinson 0-0: Foul Ball, location: 2F
0-1: Ball
1-1: Ball
2-1: Ball
3-1: Base on Balls
Batting: RHB Gilberto Patino 0-0: Ball
1-0: Ball
2-0: Foul Ball, location: 2F
2-1: Ball
3-1: Base on Balls
Warner Robinson to second
Batting: SHB Tim Fowler 0-0: Ball
1-0: Called Strike
1-1: Foul Ball, location: 2F
1-2: Grounds into double play, 6-4-3 (Groundball, 6)
Warner Robinson to third
Batting: RHB Manny Maltby 0-0: Called Strike
0-1: Ball
1-1: Foul Ball, location: 2F
1-2: Ball
2-2: Ground out 3-1 (Groundball, 34S)
Top of the 3rd over - 0 runs, 0 hits, 0 errors, 1 left on base; Florida 0 - Sioux Falls 3
BOTTOM OF THE 3RD
Sioux Falls Red Pandas batting - Pitching for Florida Men : RHP Henry Yates
Batting: LHB Fa-tang Wang 0-0: Called Strike
0-1: Foul Ball, location: 2F
0-2: Fly out, F3 (Line Drive, 3L)
Batting: LHB Enrique Sánchez 0-0: Called Strike
0-1: Ball
1-1: Ball
2-1: Foul Ball, location: 2F
2-2: Foul Ball, location: 2F
2-2: Ball
3-2: Base on Balls
Batting: LHB John Brewer 0-0: Ball
1-0: Ball
2-0: Foul Ball, location: 2F
2-1: Ball
3-1: Called Strike
3-2: Grounds into double play, 4-6-3 (Groundball, 4)
Bottom of the 3rd over - 0 runs, 0 hits, 0 errors, 0 left on base; Florida 0 - Sioux Falls 3
TOP OF THE 4TH
Florida Men batting - Pitching for Sioux Falls Red Pandas : LHP Pedro Pacheco
Batting: RHB Pat Ings 0-0: Called Strike
0-1: Called Strike
0-2: Ball
1-2: Strikes out swinging, 2-3 out at first.
Batting: RHB Ron Coffman 0-0: Foul Ball, location: 2F
0-1: Foul Ball, location: 2F
0-2: Ball
1-2: Ball
2-2: Foul Ball, location: 2F
2-2: Ball
3-2: Base on Balls
Batting: LHB Bastyão Lizardo 0-0: Foul Ball, location: 2F
0-1: SINGLE (Line Drive, 7LM)
Ron Coffman to second
Batting: SHB Spencer Landes 0-0: Called Strike
0-1: Swinging Strike
0-2: Ball
1-2: Ball
2-2: Ball
3-2: DOUBLE (Line Drive, 9LM)
Ron Coffman scores
Bastyão Lizardo to third
Runner from 3rd tries for Home, SAFE, no throw
Batting: RHB Israel Sanders 0-0: Reached on error, E7 (Flyball, 7S)
Spencer Landes to third
Batting: RHB Warner Robinson 0-0: Called Strike
0-1: Called Strike
0-2: Ball
1-2: Fly out, F7 (Flyball, 7S)
Batting: RHB Gilberto Patino 0-0: Ball
1-0: Foul Ball, location: 2F
1-1: Ball
2-1: Fly out, F9 (Flyball, 89S)
Top of the 4th over - 2 runs, 2 hits, 1 error, 2 left on base; Florida 2 - Sioux Falls 3
BOTTOM OF THE 4TH
Sioux Falls Red Pandas batting - Pitching for Florida Men : RHP Henry Yates
Batting: RHB Matt Sheppard 0-0: Ball
1-0: Foul Ball, location: 2F
1-1: Fly out, F7 (Flyball, 78D)
Batting: RHB Rudko Hrnjak 0-0: Ball
1-0: Ground out 3-1 (Groundball, 34S)
Batting: RHB Steve Dunn 0-0: Fly out, F4 (Flyball, 4D)
Bottom of the 4th over - 0 runs, 0 hits, 0 errors, 0 left on base; Florida 2 - Sioux Falls 3
TOP OF THE 5TH
Florida Men batting - Pitching for Sioux Falls Red Pandas : LHP Pedro Pacheco
Batting: SHB Tim Fowler 0-0: Called Strike
0-1: Ground out 4-3 (Groundball, 4S)
Batting: RHB Manny Maltby 0-0: Ball
1-0: Called Strike
1-1: Ball
2-1: Fly out, F7 (Flyball, 7)
Batting: RHB Pat Ings 0-0: Ball
1-0: Swinging Strike
1-1: Fly out, F9 (Flyball, 9)
Top of the 5th over - 0 runs, 0 hits, 0 errors, 0 left on base; Florida 2 - Sioux Falls 3
BOTTOM OF THE 5TH
Sioux Falls Red Pandas batting - Pitching for Florida Men : RHP Henry Yates
Batting: RHB Willis Kirkendall 0-0: Called Strike
0-1: Called Strike
0-2: Ground out 6-3 (Groundball, 6)
Batting: SHB Raúl Duarte 0-0: Ball
1-0: Foul Ball, location: 2F
1-1: Ball
2-1: Foul Ball, location: 2F
2-2: Ball
3-2: SINGLE (Line Drive, 6MD)
Batting: RHB Hieu De 0-0: Ball
1-0: Ball
2-0: Foul Ball, location: 2F
2-1: Ball
3-1: Base on Balls
Raúl Duarte to second
Batting: LHB Fa-tang Wang 0-0: Called Strike
Raúl Duarte is caught stealing 3rd base
0-1: Ball
1-1: Ball
2-1: Swinging Strike
2-2: Ball
3-2: Fly out, F9 (Flyball, 9LSF)
Bottom of the 5th over - 0 runs, 1 hit, 0 errors, 1 left on base; Florida 2 - Sioux Falls 3
TOP OF THE 6TH
Florida Men batting - Pitching for Sioux Falls Red Pandas : LHP Pedro Pacheco
Batting: RHB Ron Coffman 0-0: Foul Ball, location: 2F
0-1: Called Strike
0-2: Ball
1-2: Ball
2-2: Ball
3-2: Base on Balls
Pitching: RHP Orlando Uribe
Batting: LHB Bastyão Lizardo 0-0: Foul Ball, location: 2F
0-1: Ball
1-1: Fly out, F8 (Line Drive, 8LM)
Batting: SHB Spencer Landes 0-0: Called Strike
0-1: Foul Ball, location: 2F
0-2: Ball
1-2: Fielders Choice at 2nd, U6 (Groundball, 4D)
Batting: RHB Israel Sanders 0-0: Fly out, F8 (Flyball, 8RM)
Top of the 6th over - 0 runs, 0 hits, 0 errors, 1 left on base; Florida 2 - Sioux Falls 3
BOTTOM OF THE 6TH
Sioux Falls Red Pandas batting - Pitching for Florida Men : RHP Henry Yates
Batting: LHB Enrique Sánchez 0-0: Ball
1-0: Called Strike
1-1: Ball
2-1: Foul Ball, location: 2F
2-2: Strikes out swinging
Batting: LHB John Brewer 0-0: Swinging Strike
0-1: Ball
1-1: Ball
2-1: Ball
3-1: Base on Balls
Batting: RHB Matt Sheppard 0-0: Called Strike
0-1: Ground out 5-3 (Groundball, 56S)
John Brewer to second
Batting: RHB Rudko Hrnjak 0-0: Ball
1-0: Ground out 1-3 (Groundball, 13)
Bottom of the 6th over - 0 runs, 0 hits, 0 errors, 1 left on base; Florida 2 - Sioux Falls 3
TOP OF THE 7TH
Florida Men batting - Pitching for Sioux Falls Red Pandas : RHP Orlando Uribe
Batting: RHB Warner Robinson 0-0: Ball
1-0: Swinging Strike
1-1: Ball
2-1: Swinging Strike
2-2: Foul Ball, location: 2F
2-2: Ball
3-2: Base on Balls
Batting: RHB Gilberto Patino 0-0: Sac Bunt - play at second, runner OUT! 3-6
Batting: SHB Tim Fowler 0-0: Called Strike
0-1: Foul Ball, location: 2F
0-2: Foul Ball, location: 2F
0-2: Ball
1-2: Ball
2-2: Ball
3-2: Foul Ball, location: 2F
3-2: Base on Balls
Gilberto Patino to second
Batting: RHB Manny Maltby 0-0: Ball
1-0: Foul Ball, location: 2F
1-1: Ball
2-1: Ball
3-1: Foul Ball, location: 2F
3-2: Foul Ball, location: 2F
3-2: Base on Balls
Gilberto Patino to third
Tim Fowler to second
Batting: RHB Pat Ings 0-0: Swinging Strike
0-1: Called Strike
0-2: Ball
1-2: Ball
2-2: Strikes out swinging
Batting: RHB Ron Coffman 0-0: Ball
1-0: Swinging Strike
1-1: Fly out, F7 (Line Drive, 7)
Top of the 7th over - 0 runs, 0 hits, 0 errors, 3 left on base; Florida 2 - Sioux Falls 3
BOTTOM OF THE 7TH
Sioux Falls Red Pandas batting - Pitching for Florida Men : RHP Henry Yates
Batting: RHB Steve Dunn 0-0: Ball
1-0: Called Strike
1-1: SINGLE (Flyball, 5D)
Pinch Hitting: LHB Augustus Driscoll 0-0: Ball
1-0: Called Strike
1-1: Called Strike
1-2: Ground out 5-3 (Groundball, 56)
Steve Dunn to second
Pitching: RHP Pat Pérez
Batting: SHB Raúl Duarte 0-0: Called Strike
0-1: Ground out 6-3 (Groundball, 6M)
Steve Dunn to third
Batting: RHB Hieu De 0-0: Fly out, F9 (Flyball, 89S)
Bottom of the 7th over - 0 runs, 1 hit, 0 errors, 1 left on base; Florida 2 - Sioux Falls 3
TOP OF THE 8TH
Florida Men batting - Pitching for Sioux Falls Red Pandas : RHP Orlando Uribe
Pitching: RHP Greg Rook
Now at SS: Pancho Salaedo
Batting: LHB Bastyão Lizardo 0-0: Foul Ball, location: 2F
0-1: Called Strike
0-2: Foul Ball, location: 2F
0-2: Strikes out looking
Batting: SHB Spencer Landes 0-0: Foul Ball, location: 2F
0-1: Ball
1-1: Ball
2-1: Ball
3-1: Foul Ball, location: 2F
3-2: Base on Balls
Batting: RHB Israel Sanders 0-0: Ball
1-0: Foul Ball, location: 2F
1-1: Ball
2-1: Foul Ball, location: 2F
2-2: Strikes out swinging
Batting: RHB Warner Robinson 0-0: Ball
1-0: Ball
2-0: Ball
3-0: Base on Balls
Spencer Landes to second
Batting: RHB Gilberto Patino 0-0: Ground out 4-3 (Groundball, 34D)
Top of the 8th over - 0 runs, 0 hits, 0 errors, 2 left on base; Florida 2 - Sioux Falls 3
BOTTOM OF THE 8TH
Sioux Falls Red Pandas batting - Pitching for Florida Men : RHP Pat Pérez
Batting: LHB Fa-tang Wang 0-0: Ball
1-0: Ball
2-0: Foul Ball, location: 2F
2-1: Fly out, F5 (Popup, 15)
Batting: LHB Enrique Sánchez 0-0: Ball
1-0: Called Strike
1-1: Swinging Strike
1-2: Ball
2-2: Fly out, F9 (Flyball, 9)
Batting: LHB John Brewer 0-0: Ball
1-0: Ball
2-0: Ball
3-0: Base on Balls
Batting: RHB Matt Sheppard 0-0: Swinging Strike
0-1: Swinging Strike
0-2: Foul Ball, location: 2F
0-2: Ball
1-2: Ball
2-2: Foul Ball, location: 2F
2-2: Strikes out looking
Bottom of the 8th over - 0 runs, 0 hits, 0 errors, 1 left on base; Florida 2 - Sioux Falls 3
TOP OF THE 9TH
Florida Men batting - Pitching for Sioux Falls Red Pandas : RHP Greg Rook
Batting: SHB Tim Fowler 0-0: Called Strike
0-1: Called Strike
0-2: Ball
1-2: Foul Ball, location: 2F
1-2: Ball
2-2: Foul Ball, location: 2F
2-2: Ball
3-2: Foul Ball, location: 2F
3-2: Foul Ball, location: 2F
3-2: Foul Ball, location: 2F
3-2: Foul Ball, location: 2F
3-2: Base on Balls
Pitching: RHP Olivier Carlier
Batting: RHB Manny Maltby 0-0: Ball
1-0: Bunted foul
1-1: Bunt missed!
1-2: Foul Ball, location: 2F
1-2: DOUBLE (Line Drive, 7LM)
Tim Fowler to third
Runner from 3rd tries for Home, SAFE, throw made at trailing runner, OUT at third!
Batting: RHB Pat Ings 0-0: Ball
1-0: Called Strike
1-1: Foul Ball, location: 2F
1-2: Strikes out swinging
Batting: RHB Ron Coffman 0-0: Swinging Strike
0-1: Swinging Strike
0-2: Ball
1-2: Ground out 1-3 (Groundball, 15S)
Top of the 9th over - 1 run, 1 hit, 0 errors, 0 left on base; Florida 3 - Sioux Falls 3
BOTTOM OF THE 9TH
Sioux Falls Red Pandas batting - Pitching for Florida Men : RHP Pat Pérez
Pinch Hitting: LHB Magali Lenidas 0-0: Called Strike
0-1: Foul Ball, location: 2F
0-2: Foul Ball, location: 2F
0-2: Ground out 1-3 (Groundball, 13)
Batting: RHB Steve Dunn 0-0: Foul Ball, location: 2F
0-1: Ball
1-1: Called Strike
1-2: Fly out, F8 (Flyball, 8LM)
Batting: RHB Pancho Salaedo 0-0: Ball
1-0: Called Strike
1-1: Called Strike
1-2: Foul Ball, location: 2F
1-2: SINGLE (Groundball, 56D)
Batting: SHB Raúl Duarte 0-0: Ball
1-0: Called Strike
1-1: Foul Ball, location: 2F
1-2: Strikes out swinging
Bottom of the 9th over - 0 runs, 1 hit, 0 errors, 1 left on base; Florida 3 - Sioux Falls 3
TOP OF THE 10TH
Florida Men batting - Pitching for Sioux Falls Red Pandas : RHP Olivier Carlier
Now in RF: Stewart Ralston
Batting: LHB Bastyão Lizardo 0-0: Foul Ball, location: 2F
0-1: Ground out 4-3 (Groundball, 4)
Batting: SHB Spencer Landes 0-0: Foul Ball, location: 2F
0-1: Fly out, F8 (Flyball, 8LS)
Batting: RHB Israel Sanders 0-0: Swinging Strike
0-1: Fly out, F7 (Flyball, 78S)
Top of the 10th over - 0 runs, 0 hits, 0 errors, 0 left on base; Florida 3 - Sioux Falls 3
BOTTOM OF THE 10TH
Sioux Falls Red Pandas batting - Pitching for Florida Men : RHP Pat Pérez
Pitching: LHP Tyler Lund
Batting: RHB Hieu De 0-0: Called Strike
0-1: Foul Ball, location: 2F
0-2: Ball
1-2: Foul Ball, location: 2F
1-2: Strikes out swinging
Pinch Hitting: RHB Russell Jackson 0-0: Ball
1-0: Ball
2-0: Ball
3-0: Ground out 5-3 (Groundball, 56)
Pinch Hitting: RHB Pedro Morales 0-0: Called Strike
0-1: Ball
1-1: Called Strike
1-2: Strikes out looking
Bottom of the 10th over - 0 runs, 0 hits, 0 errors, 0 left on base; Florida 3 - Sioux Falls 3
TOP OF THE 11TH
Florida Men batting - Pitching for Sioux Falls Red Pandas : RHP Olivier Carlier
Pitching: LHP Adrian Neumann
Now in LF: José Ortega
Now in CF: Pedro Morales
Batting: RHB Warner Robinson 0-0: Ball
1-0: Ball
2-0: Called Strike
2-1: Ball
3-1: Foul Ball, location: 2F
3-2: Foul Ball, location: 2F
3-2: Fly out, F3 (Popup, 34S)
Pinch Hitting: RHB Henry Lambright 0-0: Ball
1-0: Swinging Strike
1-1: Fly out, F8 (Line Drive, 8LM)
Batting: SHB Tim Fowler 0-0: Called Strike
0-1: Swinging Strike
0-2: Ball
1-2: Foul Ball, location: 2F
1-2: Ball
2-2: Strikes out swinging
Top of the 11th over - 0 runs, 0 hits, 0 errors, 0 left on base; Florida 3 - Sioux Falls 3
BOTTOM OF THE 11TH
Sioux Falls Red Pandas batting - Pitching for Florida Men : LHP Tyler Lund
Now at C: Henry Lambright
Batting: LHB John Brewer 0-0: Ball
1-0: Called Strike
1-1: Fly out, F9 (Flyball, 9)
Batting: RHB Matt Sheppard 0-0: Ball
1-0: Ball
2-0: Foul Ball, location: 2F
2-1: Called Strike
2-2: Foul Ball, location: 2F
2-2: Ball
3-2: Foul Ball, location: 2F
3-2: Strikes out swinging
Batting: RHB Stewart Ralston 0-0: Ball
1-0: Ball
2-0: Called Strike
2-1: Swinging Strike
2-2: Fly out, F8 (Flyball, 78D)
Bottom of the 11th over - 0 runs, 0 hits, 0 errors, 0 left on base; Florida 3 - Sioux Falls 3
TOP OF THE 12TH
Florida Men batting - Pitching for Sioux Falls Red Pandas : LHP Adrian Neumann
Batting: RHB Manny Maltby 0-0: Ball
1-0: Swinging Strike
1-1: Ball
2-1: Foul Ball, location: 2F
2-2: Ball
3-2: Strikes out looking
Batting: RHB Pat Ings 0-0: Swinging Strike
0-1: Ground out 3-1 (Groundball, 34S)
Batting: RHB Ron Coffman 0-0: Ball
1-0: Called Strike
1-1: Called Strike
1-2: Strikes out swinging
Top of the 12th over - 0 runs, 0 hits, 0 errors, 0 left on base; Florida 3 - Sioux Falls 3
BOTTOM OF THE 12TH
Sioux Falls Red Pandas batting - Pitching for Florida Men : LHP Tyler Lund
Pitching: RHP Elmer García
Batting: RHB Steve Dunn 0-0: Ball
1-0: Hit by Pitch
Batting: RHB Pancho Salaedo 0-0: Called Strike
0-1: Called Strike
0-2: Strikes out swinging
Batting: SHB Raúl Duarte 0-0: Called Strike
0-1: Ball
1-1: Ground out 5-3 (Groundball, 56)
Steve Dunn to second
Batting: RHB Hieu De 0-0: Called Strike
0-1: Ball
1-1: Ball
2-1: Ball
3-1: Called Strike
3-2: Fly out, F4 (Line Drive, 4M)
Bottom of the 12th over - 0 runs, 0 hits, 0 errors, 1 left on base; Florida 3 - Sioux Falls 3
TOP OF THE 13TH
Florida Men batting - Pitching for Sioux Falls Red Pandas : LHP Adrian Neumann
Pitching: RHP Gunner Hardy
Batting: LHB Bastyão Lizardo 0-0: Ball
1-0: Swinging Strike
1-1: Foul Ball, location: 2F
1-2: Fly out, F8 (Flyball, 8LXD)
Batting: SHB Spencer Landes 0-0: Called Strike
0-1: Swinging Strike
0-2: Ball
1-2: Strikes out looking
Batting: RHB Israel Sanders 0-0: Called Strike
0-1: Swinging Strike
0-2: Ball
1-2: Ball
2-2: Ball
3-2: Strikes out swinging
Top of the 13th over - 0 runs, 0 hits, 0 errors, 0 left on base; Florida 3 - Sioux Falls 3
BOTTOM OF THE 13TH
Sioux Falls Red Pandas batting - Pitching for Florida Men : RHP Elmer García
Batting: LHB José Ortega 0-0: Called Strike
0-1: Foul Ball, location: 2F
0-2: Ball
1-2: Foul Ball, location: 2F
1-2: Ground out 4-3 (Groundball, 4)
Pitching: RHP Earl Simmons
Batting: RHB Pedro Morales 0-0: Ball
1-0: Fly out, F7 (Flyball, 7D)
Batting: LHB John Brewer 0-0: Ground out 6-3 (Groundball, 56D)
Bottom of the 13th over - 0 runs, 0 hits, 0 errors, 0 left on base; Florida 3 - Sioux Falls 3
TOP OF THE 14TH
Florida Men batting - Pitching for Sioux Falls Red Pandas : RHP Gunner Hardy
Batting: RHB Warner Robinson 0-0: DOUBLE (Line Drive, 7LM)
Batting: RHB Henry Lambright 0-0: Called Strike
0-1: Ball
1-1: Ground out 1-3 (Groundball, P)
Warner Robinson to third
Batting: SHB Tim Fowler 0-0: Called Strike
0-1: Fly out, F9 (Flyball, 89M)
Runner from 3rd tags up, SCORES, throw made
Batting: RHB Manny Maltby 0-0: Called Strike
0-1: Ground out U3 (Groundball, 3)
Top of the 14th over - 1 run, 1 hit, 0 errors, 0 left on base; Florida 4 - Sioux Falls 3
BOTTOM OF THE 14TH
Sioux Falls Red Pandas batting - Pitching for Florida Men : RHP Earl Simmons
Batting: RHB Matt Sheppard 0-0: Ball
1-0: Ball
2-0: Called Strike
2-1: Ball
3-1: Foul Ball, location: 2F
3-2: SINGLE (Groundball, 6MD)
Batting: RHB Stewart Ralston 0-0: Ball
1-0: Foul Ball, location: 2F
1-1: Called Strike
1-2: Ball
2-2: Strikes out swinging
Batting: RHB Steve Dunn 0-0: Fly out, F9 (Flyball, 89M)
Batting: RHB Pancho Salaedo 0-0: Swinging Strike
0-1: Called Strike
0-2: Fly out, F9 (Flyball, 9LMF)
Bottom of the 14th over - 0 runs, 1 hit, 0 errors, 1 left on base; Florida 4 - Sioux Falls 3
Tuesday, December 19th, 2017 - OOTP Baseball 18.8 Build 76